 Dungeon Crawl Stone Soup version 0.29.1-12-g30fa7ad0bf (webtiles) character file.

Game seed: 4875702795549476155

273 Pytinka the Stinger (level 6, -1/32 HPs)
             Began as a Gargoyle Venom Mage on Dec 22, 2022.
             Slain by Grinder (9 damage)
             ... on level 3 of the Dungeon.
             The game lasted 00:07:25 (3383 turns).

Pytinka the Stinger (Gargoyle Venom Mage)           Turns: 3383, Time: 00:07:25

Health: -1/32      AC:  7    Str: 11    XL:     6   Next: 24%
Magic:  1/11       EV: 12    Int: 18    God:
Gold:   181        SH:  0    Dex: 16    Spells: 7/12 levels left

rFire   . . .      SeeInvis .   l - +1 whip (venom)
rCold   . . .      Faith    .   (no shield)
rNeg    + . .      Spirit   .   a - +0 robe
rPois   ∞          Reflect  .   (no helmet)
rElec   +          Harm     .   (no cloak)
rCorr   .          Rampage  .   g - +0 pair of gloves
Will    .....                   (no boots)
Stlth   ++........              (no amulet)
HPRegen 0.10/turn               c - +6 ring of dexterity
MPRegen 0.12/turn               (no ring)

@: very slightly contaminated
A: sickness immunity, AC +4, negative energy resistance 1, electricity
resistance, torment resistance 1, petrification resistance
a: no special abilities


You were on level 3 of the Dungeon.
You visited 1 branch of the dungeon, and saw 3 of its levels.

You collected 181 gold pieces.

Inventory:

Hand Weapons
 l - a +1 whip of venom (weapon)
Armour
 a - a +0 robe (worn)
 g - a +0 pair of gloves (worn)
Jewellery
 c - a +6 ring of dexterity (left hand)
Scrolls
 e - a scroll of brand weapon {unknown}
 f - 2 scrolls of teleportation {unknown}
 i - 6 scrolls of identify {unknown}
 m - a scroll of enchant weapon {unknown}
 n - a scroll of magic mapping {unknown}
 p - a scroll of noise {unknown}
 t - a scroll of torment {unknown}
 u - a scroll of blinking {unknown}
Potions
 d - 2 potions of ambrosia {unknown}
 h - 2 potions of attraction {unknown}
 j - a potion of flight {unknown}
 k - a potion of curing
 o - a potion of haste {unknown}
 q - a potion of lignification {unknown}
 r - a potion of degeneration {unknown}
 s - a potion of resistance {unknown}


   Skills:
 + Level 1.8 Dodging
 + Level 2.5 Stealth
 + Level 1.1 Unarmed Combat
 * Level 3.7 Spellcasting
 * Level 2.3 Transmutations
 * Level 4.4 Poison Magic


You had 7 spell levels left.
You knew the following spells:

 Your Spells              Type           Power      Damage    Failure   Level
a - Sting                 Tmut/Pois      60%        1d6       3%          1
b - Olgreb's Toxic Radia  Pois           19%        N/A       24%         4

Your spell library contained the following spells:

 Spells                   Type           Power      Damage    Failure   Level
 Poisonous Vapours        Pois/Air       22%        N/A       10%         2
 Apportation              Tloc           6%         N/A       16%         1
 Mephitic Cloud           Conj/Pois/Air  8%         N/A       26%         3
 Alistair's Intoxication  Tmut/Pois      10%        N/A       71%         5


Dungeon Overview and Level Annotations

Branches:
Dungeon (3/15)

Altars:
Ashenzari

Annotations:
D:3 Grinder


Innate Abilities, Weirdness & Mutations

You are immune to sickness and miasma.
Your stone body is resilient. (AC +4)
You are immune to poison.
You resist negative energy. (rN+)
You are resistant to electric shocks. (rElec)
You are resistant to unholy torment.
You are immune to petrification.


Message History

Nothing appears to happen.
Grinder blinks!
Casting: Olgreb's Toxic Radiance (extremely dangerous; 24% risk of failure)
Confirm with . or Enter, or press ? or * to list all spells.
The spell is extremely dangerous to miscast (24% risk of failure)!
Continue anyway?
You miscast Olgreb's Toxic Radiance.
You feel odd. You resist. Grinder gestures at you.
Pain shoots through your body! Magic courses through your body.
Casting: Olgreb's Toxic Radiance (extremely dangerous; 24% risk of failure)
Confirm with . or Enter, or press ? or * to list all spells.
The spell is extremely dangerous to miscast (24% risk of failure)!
Continue anyway?
You miscast Olgreb's Toxic Radiance.
You feel incredibly sick. You resist. Grinder hits you!
You writhe in agony.
* * * LOW HITPOINT WARNING * * *
Casting: Olgreb's Toxic Radiance (extremely dangerous; 24% risk of failure)
Confirm with . or Enter, or press ? or * to list all spells.
The spell is extremely dangerous to miscast (24% risk of failure)!
Continue anyway?
You begin to radiate toxic energy.
Grinder zaps a wand.
The puff of flame misses you.
Casting: Olgreb's Toxic Radiance (extremely dangerous; 24% risk of failure)
Confirm with . or Enter, or press ? or * to list all spells.
Aiming: Sting (safe; 3% risk of failure)
Press: ? - help, Shift-Dir - straight line, f - Grinder
Aim: Grinder, carrying a wand of flame (9) (71% to hit)
The sting hits Grinder.
Grinder partially resists.
Grinder is lightly wounded.
Your toxic aura wanes.
Grinder hits you but does no damage.
Casting: Sting (safe; 3% risk of failure)
Confirm with . or Enter, or press ? or * to list all spells.
Aiming: Sting (safe; 3% risk of failure)
Press: ? - help, Shift-Dir - straight line, f/p - Grinder
Aim: Grinder, carrying a wand of flame (9) (lightly wounded, 71% to hit)
The sting hits Grinder but does no damage.
Grinder is poisoned.
Grinder is lightly wounded.
Grinder hits you.
* * * LOW HITPOINT WARNING * * *
It was a potion of curing.
You feel better. Grinder hits you!
You die...

### #######.....# #..
........#.#.### #.#
######......... #.#
#..#.#.##. #.# #......##.
#.# #.##.####. ##
#.########.##......
#...###.5........######..
#.......@...#.#..######..
#...######...............
## #..##...###...##.
#.###.#.#.#.#.###
#.###...#.#...###
#....###...###...
##..#.#[#)#.#(#.#.
#.....##†#.#.##...
..###..#.#.#..###


You could see Grinder (poisoned).

Vanquished Creatures
  Sigmund (D:3)
  Terence (D:3)
  3 gnolls
  A worm (D:3)
  A dart slug (D:1)
  4 endoplasms
  4 giant cockroaches
  A goblin (D:3)
  6 hobgoblins
  6 jackals
  2 quokkas (D:3)
  5 ball pythons
  6 bats
  2 frilled lizards
  5 kobolds
  4 rats
52 creatures vanquished.

Notes
Turn   | Place    | Note
-------+----------+-------------------------------------------
     0 | D:1      | Pytinka the Gargoyle Venom Mage began the quest for the
                  | Orb.
     0 | D:1      | Reached XP level 1. HP: 10/10 MP: 3/3
   155 | D:1      | Reached XP level 2. HP: 13/15 MP: 0/5
   515 | D:1      | Reached skill level 1 in Transmutations
  1247 | D:2      | Reached XP level 3. HP: 18/19 MP: 1/6
  1333 | D:2      | Reached skill level 1 in Unarmed Combat
  1869 | D:2      | Reached XP level 4. HP: 24/24 MP: 5/7
  2590 | D:2      | Learned a level 4 spell: Olgreb's Toxic Radiance
  2591 | D:3      | Noticed Terence
  2602 | D:3      | Killed Terence
  2693 | D:3      | Found a broken altar of Ashenzari.
  2747 | D:3      | Noticed Sigmund
  2781 | D:3      | Killed Sigmund
  2782 | D:3      | Reached skill level 4 in Poison Magic
  2782 | D:3      | Reached XP level 5. HP: 12/28 MP: 0/10
  2782 | D:3      | Reached XP level 6. HP: 13/32 MP: 0/11
  3372 | D:3      | Noticed Grinder
  3382 | D:3      | HP: 1/32 [Grinder (6)]
  3383 | D:3      | Slain by Grinder

Illustrated notes

Levels and vault maps discovered:
D:1:      lightli_arrival_windingriver, layout_rooms, chequers_decorated_corner,
          minmay_misc_feat_ornament, minmay_heptomino_h4
D:2:      layout_basic, minmay_misc_feat_plants, nrook_mini_backslash
D:3:      layout_loops_ring, nicolae_ashenzari_panopticon, lemuel_tele_altar,
          minmay_starry_boxes, uniq_grinder, uniq_sigmund, uniq_terence

Skill      XL: |  1  2  3  4 |
---------------+-------------+-----
Transmutations | 1 2 |  2.3
Unarmed Combat | 1 |  1.1
Spellcasting   | 3 |  3.7
Poison Magic   | 4 |  4.4
Dodging        | |  1.8
Stealth        | |  2.5

Action                   |  1- 3 |  4- 6 || total
-------------------------+-------+-------++-------
Melee: Unarmed           |    54 |       ||    54
       Whip              |       |     6 ||     6
 Cast: Sting             |    53 |    64 ||   117
       Olgreb's Toxic Ra |       |     1 ||     1
  Use: Potion            |       |     2 ||     2
Armor: Robe              |    32 |    15 ||    47
Dodge: Dodged            |    52 |    27 ||    79
